 Dungeon Crawl Stone Soup version 0.31-a0-826-ga5cc291a1b (webtiles) character file.

Game seed: 9212627792029972255

134201 qw the Marksgargoyle (level 17, -11/115 HPs)
             Began as a Gargoyle Hunter on Sept 23, 2023.
             Was an Elder of Okawaru.
             Mangled by a death yak (12 damage)
             ... led by Polyphemus
             ... on level 2 of the Shoals.
             The game lasted 00:12:21 (20985 turns).

qw the Marksgargoyle (Gargoyle Hunter)             Turns: 20985, Time: 00:12:21

Health: -11/115    AC: 24    Str: 17    XL:     17   Next: 16%
Magic:  24/24      EV: 34    Int: 14    God:    Okawaru [****..]
Gold:   965        SH:  0    Dex: 35    Spells: 16/16 levels left

rFire   + . .        Y - +6 longbow
rCold   . . .        (shield currently unavailable)
rNeg    + . .        r - +2 troll leather armour {Snorg}
rPois   inf          c - +1 helmet "Zulied" {rC+}
rElec   +            j - scarf of the Centipede {repulsion, rF+ rC- Int+4}
rCorr   .            t - +1 pair of gloves
SInv    +            k - -2 pair of boots of Hedging {Dex+6}
Will    +....        s - amulet of faith
Stlth   ++++         f - ring "Olaxt" {Dex+4 SInv}
HPRegen 1.19/turn    i - +6 ring of dexterity
MPRegen 0.19/turn

%: repel missiles, faith
@: about to teleport, heroic, flying
A: sickness immunity, AC +12, big wings, negative energy resistance 1,
electricity resistance, torment resistance 1, petrification resistance
a: Renounce Religion, Heroism, Finesse


You were on level 2 of the Shoals.
You worshipped Okawaru.
Okawaru was greatly pleased with you.
You visited 4 branches of the dungeon, and saw 24 of its levels.
You visited the Abyss 1 time.

You collected 2329 gold pieces.
You spent 1364 gold pieces at shops.


Innate Abilities, Weirdness & Mutations

You are immune to sickness and miasma.
Your stone body is resilient. (AC +12)
You are immune to poison.
Your large and strong wings let you fly.
You resist negative energy. (rN+)
You are resistant to electric shocks. (rElec)
You are resistant to unholy torment.
You are immune to petrification.


   Skills:
 + Level 15.9(20.9) Fighting
 - Level 20.0(25.0) Ranged Weapons
 - Level 9.1(14.1) Armour
 - Level 12.0(17.0) Dodging
 - Level 1.1(6.1) Stealth
 - Level 10.0 Invocations


You had 16 spell levels left.
You didn't know any spells.
Your spell library was empty.

Inventory:

Hand Weapons
 Y - a +6 longbow (weapon)
Armour
 c - the +1 helmet "Zulied" (worn) {rC+}
   (You took it off Robin on level 3 of the Dungeon)

   rC+:       It protects you from cold.
 j - the scarf of the Centipede (worn) {repulsion, rF+ rC- Int+4}
   (You acquired it on level 13 of the Dungeon)

   Int+4:     It affects your intelligence (+4).
   rF+:       It protects you from fire.
   rC-:       It makes you vulnerable to cold.
 k - the -2 pair of boots of Hedging (worn) {Dex+6}
   (You found it on level 13 of the Dungeon)

   Dex+6:     It affects your dexterity (+6).
 m - a +0 cloak
 q - a +2 robe of resistance
 r - a +2 troll leather armour (worn) {Snorg}
 t - a +1 pair of gloves (worn)
Jewellery
 f - the ring "Olaxt" (left hand) {Dex+4 SInv}
   (You found it on level 4 of the Dungeon)

   [ring of see invisible]

   Dex+4:     It affects your dexterity (+4).
   SInv:      It lets you see invisible.
 g - a +5 ring of evasion
 i - a +6 ring of dexterity (right hand)
 s - an amulet of faith (around neck)
Scrolls
 a - 7 scrolls of teleportation
 d - 9 scrolls of identify
Potions
 b - 3 potions of enlightenment
 e - 4 potions of might
 h - 14 potions of curing
 n - a potion of resistance
 o - 2 potions of cancellation
 p - 3 potions of haste

Dungeon Overview and Level Annotations

Branches:
Dungeon (15/15)            Temple (0/1) D:5            Lair (5/5) D:10
 Shoals (2/4) Lair:2        Snake (0/4) Lair:3        Slime (0/5) Lair:4
    Orc (2/2) D:9             Elf (0/3) Orc:2        Vaults (0/5) D:14
 Depths (0/4) D:15

Altars:
Cheibriados
Dithmenos
Elyvilon
Fedhas
Hepliaklqana
Kikubaaqudgha
Okawaru
Qazlal
Ru
Sif Muna
Trog
Vehumet
Xom
Yredelemnul
Zin
Jiyva

Shops:
D:8 !   D:13 *   Orc:2 =?(!   Shoals:1 (

Portals:
Trove: D:10 (give +6 demon whip)

Annotations:
D:9 1 transporter, Psyche
D:12 3 runed translucent doors, Soedd's ghost, journeyman DgAr
Shoals:1 1 runed translucent door, Aral's ghost, adept MiBe
Shoals:2 Polyphemus
Orc:1 2 transporters, prawnwizard's ghost, journeyman MfMo
Orc:2 3 runed translucent doors, qw's ghost, adept GrHs


Message History

The merfolk completely misses you. Polyphemus misses you. Polyphemus hits you.
The death yak gores you but does no damage.
The merfolk throws a throwing net.
The throwing net misses you.
You hear a splash.
The merfolk impaler hits you but does no damage.
You shoot an arrow. The arrow hits the death yak.
The death yak is heavily wounded.
The death yak misses you. The merfolk completely misses you.
The merfolk impaler barely misses you.
The merfolk hits you from afar with a +0 trident.
You shoot an arrow. The arrow hits the death yak!!
The death yak is almost dead.
Polyphemus completely misses you. Polyphemus hits you!
The death yak misses you.
The merfolk throws a throwing net.
The throwing net misses you.
You hear a splash.
The merfolk impaler barely misses you. The death yak misses you.
You shoot an arrow. The arrow hits the death yak!!
You kill the death yak!
Okawaru accepts your kill. The merfolk misses you. x2
Polyphemus yells, "Attack, my pets!
Attack!"
Polyphemus hits you! Polyphemus barely misses you.
The merfolk impaler completely misses you.
The death yak gores you!
The merfolk throws a throwing net.
The throwing net completely misses you.
You hear a splash.
20984 ||| READING 8 scrolls of teleportation.
As you read the scroll of teleportation, it crumbles to dust.
You feel strangely unstable. The merfolk impaler closely misses you.
The merfolk completely misses you. The merfolk barely misses you.
Polyphemus throws the death yak at you! The death yak completely misses you.
The merfolk completely misses you.
The merfolk impaler hits you but does no damage.
20985 ||| DRINKING potion of heal wounds.
You feel much better.
The merfolk hits you from afar with a +0 glaive!
The merfolk impaler completely misses you.
The merfolk hits you but does no damage.
Polyphemus misses you. Polyphemus hits you! The death yak gores you!
You die...

........###%..~~~~~
...~~...# #..~~~~~~~~
.~~~~.))###..~~~~~~~~ .,
..~~~..).##...~~~~~~~Y~~,
~.~~~...).......~~. ~~~
~~~~~~~.......#.~.##).~~
~~~~~~~~........m.m).~~~,
~~~~~~..........~~~~~~~~
~~~~~~...######Y@Cm~~~~~
~~~~~....######%~~m~~~~~
~~~~~.....##....~~~~~~~~
~~~~~~.........~~~~~~~~
~~~~~~~....)~~..~~~~~~~
~~~~~~~~~~(~~~~~~~~~~~~
~~~~~~~~~~~~~~~~~~~~~~~
~~~~~~~~~~~~~~~~~~~~~~~
~~~~~~~~~~~~~~~~~~~~~~


You could see Polyphemus, a merfolk impaler, a death yak and 3 merfolk.

Vanquished Creatures
  Jorgrun (D:14)
  A tengu reaver (D:12)
  Ilsuiw (Shoals:2)
  An orc warlord (Orc:1)
  A deep elf annihilator (D:12)
  Snorg (D:11)
  A starcursed mass (Abyss:2)
  A merfolk impaler (Shoals:1)
  An ettin (D:15)
  2 merfolk javelineers
  Fannar (D:12)
  A hydra (Lair:2)
  2 vault guards (D:14)
  4 ogre magi
  7 centaur warriors
  A merfolk avatar (Shoals:1)
  11 two-headed ogres
  3 catoblepae
  3 tengu warriors
  4 boulder beetles
  A shock serpent (shapeshifter) (D:13)
  Nergalle (D:12)
  4 death yaks
  Sonja (D:10)
  A fire crab (Lair:5)
  A skyshark (Lair:4)
  4 skeletal warriors (D:13)
  4 sea snakes
  2 deep trolls (D:15)
  6 deep elf pyromancers
  6 wizards
  A lindwurm (Lair:5)
  A deep elf zephyrmancer (D:12)
  A necromancer (D:14)
  7 harpies (Shoals:1)
  2 orc knights
  4 fauns (Shoals:1)
  9 orc sorcerers
  3 cyclopes
  17 ugly things
  A worldbinder (Abyss:2)
  2 oklob plants (Lair:4)
  7 manticores
  3 elephants (Lair:3)
  7 merfolk sirens
  12 black mambas
  2 water nymphs
  18 cane toads
  2 torpor snails
  4 rime drakes
  Maggie (D:8)
  A gargoyle (D:11)
  4 komodo dragons
  7 kobold demonologists (D:12)
  A komodo dragon (shapeshifter) (D:15)
  A silent spectre (Abyss:2)
  6 tengu conjurers
  15 merfolk
  11 polar bears
  A large abomination (D:14)
  6 trolls
  2 wind drakes (Shoals:1)
  A hornet (D:9)
  14 blink frogs
  3 raiju (Lair:5)
  A snapping turtle (Shoals:1)
  11 dream sheep
  13 slime creatures
  3 shadows
  A centaur simulacrum (D:15)
  A water elemental (Shoals:1)
  63 yaks
  2 vampires (D:11)
  20 humans (D:14)
  2 golden eyes (Abyss:2)
  5 wyverns
  Grum (D:9)
  2 basilisks
  A steam dragon (D:9)
  10 vampire mosquitoes
  4 nagas (Lair:3)
  9 wargs
  5 acid dragons
  16 water moccasins
  14 hell hounds (Lair:5)
  17 orc warriors
  A sky beast (D:7)
  2 ice beasts
  13 black bears
  5 ogres
  24 wolves
  8 centaurs
  6 kobold brigands
  11 bullfrogs
  3 gnoll sergeants
  5 scorpions
  9 wights
  6 killer bees (D:10)
  A crimson imp (D:10)
  4 hounds
  17 orc priests
  2 gnoll boudas (D:7)
  An iron imp (Abyss:2)
  2 sleepcaps (D:5)
  4 iguanas
  37 orc wizards
  11 hell rats
  A small abomination (Abyss:2)
  Robin (D:3)
  25 gnolls
  10 adders
  2 shadow imps
  4 white imps
  2 worms
  5 dart slugs
  69 orcs
  7 ball pythons
  5 bats
  2 endoplasms
  4 giant cockroaches
  17 goblins
  8 hobgoblins
  5 jackals
  31 kobolds
  4 quokkas
  8 frilled lizards
  5 rats
844 creatures vanquished.

Vanquished Creatures (others)
  A human (D:6)
1 creature vanquished.

Grand Total: 845 creatures vanquished

Notes
Turn   | Place    | Note
-------+----------+-------------------------------------------
     0 | D:1      | qw the Gargoyle Hunter began the quest for the Orb.
     0 | D:1      | Reached XP level 1. HP: 12/12 MP: 1/1
     0 | D:1      | 0 ||| qw: Version: 0.3-a-83-gcd0e7d8
     0 | D:1      | 0 ||| qw: Game counter: 1895
     0 | D:1      | 0 ||| qw: Melee chars always use a shield: true
     0 | D:1      | 0 ||| qw: God list: Okawaru
     0 | D:1      | 0 ||| qw: Allow faded altars: false
     0 | D:1      | 0 ||| qw: Do Orc after clearing Dungeon:15 true
     0 | D:1      | 0 ||| qw: Do second Lair branch before Depths: true
     0 | D:1      | 0 ||| qw: Lair rune preference: random
     0 | D:1      | 0 ||| qw: Goals: Normal
     0 | D:1      | 0 ||| PLANNING D:1-11
    67 | D:1      | Reached XP level 2. HP: 17/17 MP: 2/2
   177 | D:1      | Reached XP level 3. HP: 21/21 MP: 3/3
   282 | D:1      | Reached skill level 5 in Ranged Weapons
   369 | D:1      | Found a faded altar of an unknown god.
   739 | D:1      | Reached skill level 3 in Fighting
   901 | D:1      | 901 ||| UPGRADING to amulet of guardian spirit.
   906 | D:1      | 906 ||| READING 3 scrolls labelled YKKOMA NOLAAFU.
   910 | D:1      | 910 ||| READING scroll labelled ZYNEYZ LUECHEB.
   911 | D:1      | 911 ||| READING scroll labelled OTOEMA JETEAGU.
   912 | D:1      | 912 ||| DROPPING scroll of butterflies.
   951 | D:2      | Reached XP level 4. HP: 28/28 MP: 4/4
  1496 | D:2      | 1496 ||| UPGRADING to +0 ring mail.
  1506 | D:2      | 1506 ||| DROPPING +0 leather armour.
  1507 | D:2      | 1507 ||| READING scroll labelled NIODAMN NIED.
  1508 | D:2      | 1508 ||| READING 2 scrolls of identify.
  1508 | D:2      | 1508 ||| IDENTIFYING silvery potion
  1523 | D:3      | Reached XP level 5. HP: 32/32 MP: 5/5
  1551 | D:3      | Reached skill level 1 in Armour
  1576 | D:3      | 1576 ||| FLEEEEING.
  1577 | D:3      | 1577 ||| FLEEEEING.
  1578 | D:3      | 1578 ||| FLEEEEING.
  1579 | D:3      | 1579 ||| FLEEEEING.
  1580 | D:3      | 1580 ||| FLEEEEING.
  1581 | D:3      | 1581 ||| FLEEEEING.
  1582 | D:3      | 1582 ||| FLEEEEING.
  1583 | D:3      | 1583 ||| FLEEEEING.
  1584 | D:3      | 1584 ||| FLEEEEING.
  1585 | D:3      | 1585 ||| FLEEEEING.
  1586 | D:3      | 1586 ||| FLEEEEING.
  1587 | D:3      | 1587 ||| FLEEEEING.
  1588 | D:3      | 1588 ||| FLEEEEING.
  1589 | D:3      | 1589 ||| FLEEEEING.
  1590 | D:3      | 1590 ||| FLEEEEING.
  1591 | D:3      | 1591 ||| FLEEEEING.
  1592 | D:3      | 1592 ||| FLEEEEING.
  1593 | D:3      | 1593 ||| FLEEEEING.
  1594 | D:3      | 1594 ||| FLEEEEING.
  1595 | D:3      | 1595 ||| FLEEEEING.
  1596 | D:3      | 1596 ||| FLEEEEING.
  1597 | D:3      | 1597 ||| FLEEEEING.
  1598 | D:3      | 1598 ||| FLEEEEING.
  1599 | D:3      | 1599 ||| FLEEEEING.
  1600 | D:3      | 1600 ||| FLEEEEING.
  1601 | D:3      | 1601 ||| FLEEEEING.
  1602 | D:3      | 1602 ||| FLEEEEING.
  1603 | D:3      | 1603 ||| FLEEEEING.
  1604 | D:3      | 1604 ||| FLEEEEING.
  1605 | D:3      | 1605 ||| FLEEEEING.
  1606 | D:3      | 1606 ||| FLEEEEING.
  1607 | D:3      | 1607 ||| FLEEEEING.
  1608 | D:3      | 1608 ||| FLEEEEING.
  1609 | D:3      | 1609 ||| FLEEEEING.
  1610 | D:3      | 1610 ||| FLEEEEING.
  1611 | D:3      | 1611 ||| STAIRDANCE
  1724 | D:3      | Identified the +1 helmet "Zulied" {rC+}
  1724 | D:3      | Noticed Robin
  1738 | D:3      | Killed Robin
  1739 | D:3      | Reached skill level 6 in Ranged Weapons
  1809 | D:3      | Found a bloodstained altar of Trog.
  1816 | D:3      | Found a snail-covered altar of Cheibriados.
  1816 | D:3      | Found a basalt altar of Yredelemnul.
  1819 | D:3      | Found an iron altar of Okawaru.
  1820 | D:3      | 1820 ||| PLANNING OKAWARU WORSHIP
  1820 | D:3      | 1820 ||| UPGRADING to +1 helmet "Zulied" {rC+}.
  1836 | D:3      | 1836 ||| FLEEEEING.
  1837 | D:3      | 1837 ||| FLEEEEING.
  1838 | D:3      | 1838 ||| FLEEEEING.
  1839 | D:3      | 1839 ||| FLEEEEING.
  1840 | D:3      | 1840 ||| FLEEEEING.
  1841 | D:3      | 1841 ||| FLEEEEING.
  1842 | D:3      | 1842 ||| FLEEEEING.
  1843 | D:3      | 1843 ||| FLEEEEING.
  1844 | D:3      | 1844 ||| FLEEEEING.
  1852 | D:3      | 1852 ||| FLEEEEING.
  1853 | D:3      | 1853 ||| FLEEEEING.
  1854 | D:3      | 1854 ||| FLEEEEING.
  1855 | D:3      | 1855 ||| FLEEEEING.
  1856 | D:3      | 1856 ||| FLEEEEING.
  1857 | D:3      | 1857 ||| FLEEEEING.
  1858 | D:3      | 1858 ||| FLEEEEING.
  1859 | D:3      | 1859 ||| FLEEEEING.
  1860 | D:3      | 1860 ||| FLEEEEING.
  1861 | D:3      | 1861 ||| FLEEEEING.
  1862 | D:3      | 1862 ||| FLEEEEING.
  1863 | D:3      | 1863 ||| FLEEEEING.
  1866 | D:3      | 1866 ||| FLEEEEING.
  1867 | D:3      | 1867 ||| FLEEEEING.
  1868 | D:3      | 1868 ||| FLEEEEING.
  1869 | D:3      | 1869 ||| FLEEEEING.
  1915 | D:3      | Reached XP level 6. HP: 38/38 MP: 6/6
  1926 | D:3      | Became a worshipper of Warmaster Okawaru
  1927 | D:3      | 1927 ||| PLANNING D:1-11
  1927 | D:3      | 1927 ||| REMOVING amulet of guardian spirit.
  2084 | D:3      | Identified the +5 long sword of Precise Incision {chaos,
                  | +Blink Int+7}
  2515 | D:3      | 2515 ||| DROPPING amulet of guardian spirit.
  2516 | D:3      | 2516 ||| READING scroll labelled YCO YGHOBRAINY.
  2517 | D:3      | 2517 ||| READING 3 scrolls of identify.
  2517 | D:3      | 2517 ||| IDENTIFYING black potion
  2649 | D:4      | Identified the ring "Olaxt" {Dex+4 SInv}
  2738 | D:4      | Reached skill level 7 in Ranged Weapons
  3002 | D:4      | Found a white marble altar of Elyvilon.
  3193 | D:4      | Noticed a water moccasin
  3200 | D:4      | Killed a water moccasin
  3201 | D:4      | Reached XP level 7. HP: 31/43 MP: 7/7
  3293 | D:4      | 3293 ||| UPGRADING to ring "Olaxt" {Dex+4 SInv}.
  3294 | D:4      | 3294 ||| READING scroll labelled ACKION BECAT.
  3306 | D:5      | Entered Level 5 of the Dungeon
  3311 | D:5      | 3311 ||| STAIRDANCE
  3323 | D:5      | 3323 ||| STAIRDANCE
  3333 | D:5      | 3333 ||| STAIRDANCE
  3338 | D:5      | 3338 ||| STAIRDANCE
  3808 | D:5      | Found a staircase to the Ecumenical Temple.
  3819 | D:5      | Reached * piety under Okawaru
  3820 | D:5      | Reached skill level 8 in Ranged Weapons
  3909 | D:5      | Reached skill level 1 in Invocations
  4072 | D:5      | Reached XP level 8. HP: 48/48 MP: 9/9
  4393 | D:5      | 4393 ||| UPGRADING to +4 ring of slaying {mikee}.
  4394 | D:5      | 4394 ||| READING scroll labelled XYKHUK CERAXT.
  4421 | D:6      | 4421 ||| STAIRDANCE
  4462 | D:6      | Reached skill level 3 in Invocations
  4546 | D:6      | 4546 ||| INVOKING Heroism.
  4659 | D:6      | 4659 ||| SWAPPING to +0 orcbow.
  4660 | D:6      | 4660 ||| DROPPING +0 shortbow.
  4717 | D:6      | 4717 ||| INVOKING Heroism.
  4760 | D:6      | Found an ancient bone altar of Kikubaaqudgha.
  4837 | D:6      | Found a sacrificial altar of Ru.
  4988 | D:6      | Reached ** piety under Okawaru
  4989 | D:6      | Reached skill level 9 in Ranged Weapons
  5052 | D:6      | 5052 ||| UPGRADING to +6 ring of dexterity.
  5054 | D:6      | 5054 ||| DROPPING +4 ring of slaying {mikee}.
  5055 | D:6      | 5055 ||| READING 3 scrolls of identify.
  5055 | D:6      | 5055 ||| IDENTIFYING clear potion
  5056 | D:6      | 5056 ||| READING 2 scrolls of identify.
  5056 | D:6      | 5056 ||| IDENTIFYING smoky brown potion
  5057 | D:6      | 5057 ||| DROPPING potion of brilliance.
  5083 | D:7      | 5083 ||| STAIRDANCE
  5092 | D:7      | Reached skill level 3 in Dodging
  5134 | D:7      | Noticed a yak
  5134 | D:7      | Noticed a yak
  5136 | D:7      | Noticed a yak
  5137 | D:7      | Noticed a yak
  5138 | D:7      | Noticed a yak
  5142 | D:7      | 5142 ||| INVOKING Heroism.
  5144 | D:7      | Killed a yak
  5145 | D:7      | Reached skill level 6 in Fighting
  5145 | D:7      | Reached XP level 9. HP: 36/55 MP: 9/12
  5165 | D:7      | Reached skill level 10 in Ranged Weapons
  5171 | D:7      | HP: 13/55 [yak (3)]
  5172 | D:7      | 5172 ||| READING 2 scrolls of teleportation.
  5173 | D:7      | 5173 ||| DRINKING potion of heal wounds.
  5248 | D:7      | Reached *** piety under Okawaru
  5311 | D:7      | 5311 ||| INVOKING Heroism.
  5449 | D:7      | Found a stormy altar of Qazlal.
  5480 | D:7      | 5480 ||| INVOKING Heroism.
  5530 | D:7      | 5530 ||| INVOKING Heroism.
  5567 | D:7      | 5567 ||| SWAPPING to +0 longbow.
  5568 | D:7      | 5568 ||| DROPPING +0 orcbow.
  5569 | D:7      | 5569 ||| DROPPING +0 arbalest.
  5684 | D:7      | 5684 ||| RETREEAATING.
  5685 | D:7      | 5685 ||| STILL RETREEAATING.
  5686 | D:7      | 5686 ||| Stepping ~*~*~tactically~*~*~ (retreating).
  5694 | D:7      | 5694 ||| INVOKING Heroism.
  5942 | D:7      | 5942 ||| UPGRADING to +1 pair of boots.
  5947 | D:7      | 5947 ||| DROPPING ring of positive energy.
  5948 | D:7      | 5948 ||| READING scroll labelled XOCASO IREI.
  5949 | D:7      | 5949 ||| READING scroll labelled DEDUMI VEDE.
  5978 | D:8      | Reached skill level 3 in Armour
  5982 | D:8      | 5982 ||| RETREEAATING.
  5987 | D:8      | 5987 ||| INVOKING Heroism.
  5996 | D:8      | Reached XP level 10. HP: 36/63 MP: 11/13
  6090 | D:8      | Reached skill level 11 in Ranged Weapons
  6093 | D:8      | 6093 ||| RETREEAATING.
  6097 | D:8      | 6097 ||| Stepping ~*~*~tactically~*~*~ (retreating).
  6098 | D:8      | 6098 ||| Stepping ~*~*~tactically~*~*~ (retreating).
  6099 | D:8      | 6099 ||| Stepping ~*~*~tactically~*~*~ (retreating).
  6122 | D:8      | Found Umot's Distillery.
  6127 | D:8      | 6127 ||| BUYING potion of curing (48 gold).
  6127 | D:8      | Bought a potion of curing for 48 gold pieces
  6127 | D:8      | 6127 ||| BUYING potion of curing (48 gold).
  6127 | D:8      | Bought a potion of curing for 48 gold pieces
  6127 | D:8      | 6127 ||| BUYING potion of curing (48 gold).
  6127 | D:8      | Bought a potion of curing for 48 gold pieces
  6127 | D:8      | 6127 ||| BUYING potion of might (64 gold).
  6127 | D:8      | Bought a potion of might for 64 gold pieces
  6189 | D:8      | Found a shimmering altar of Xom.
  6190 | D:8      | Found a hazy altar of Hepliaklqana.
  6191 | D:8      | Noticed a spectral ugly thing
  6243 | D:8      | Noticed Maggie
  6245 | D:8      | Killed Maggie
  6391 | D:8      | Reached skill level 12 in Ranged Weapons
  6469 | D:8      | 6469 ||| UPGRADING to +0 swamp dragon scales.
  6479 | D:8      | 6479 ||| DROPPING +0 ring mail.
  6480 | D:8      | 6480 ||| DRINKING 3 yellow potions.
  6481 | D:8      | 6481 ||| READING 2 scrolls of identify.
  6481 | D:8      | 6481 ||| IDENTIFYING sedimented ruby potion
  6482 | D:8      | 6482 ||| DROPPING 2 potions of attraction.
  6483 | D:8      | 6483 ||| DROPPING potion of invisibility.
  6508 | D:9      | 6508 ||| STAIRDANCE
  6539 | D:9      | 6539 ||| STAIRDANCE
  6690 | D:9      | Found a transporter.
  6720 | D:9      | 6720 ||| INVOKING Heroism.
  6791 | D:9      | Noticed Psyche
  7074 | D:9      | 7074 ||| FLEEEEING.
  7075 | D:9      | 7075 ||| FLEEEEING.
  7076 | D:9      | 7076 ||| FLEEEEING.
  7077 | D:9      | 7077 ||| FLEEEEING.
  7078 | D:9      | 7078 ||| FLEEEEING.
  7079 | D:9      | 7079 ||| FLEEEEING.
  7080 | D:9      | 7080 ||| FLEEEEING.
  7081 | D:9      | 7081 ||| FLEEEEING.
  7082 | D:9      | 7082 ||| FLEEEEING.
  7083 | D:9      | 7083 ||| FLEEEEING.
  7084 | D:9      | 7084 ||| FLEEEEING.
  7085 | D:9      | 7085 ||| FLEEEEING.
  7086 | D:9      | 7086 ||| FLEEEEING.
  7087 | D:9      | 7087 ||| FLEEEEING.
  7088 | D:9      | 7088 ||| FLEEEEING.
  7089 | D:9      | 7089 ||| FLEEEEING.
  7090 | D:9      | 7090 ||| FLEEEEING.
  7091 | D:9      | 7091 ||| FLEEEEING.
  7092 | D:9      | 7092 ||| FLEEEEING.
  7093 | D:9      | 7093 ||| FLEEEEING.
  7097 | D:9      | 7097 ||| FLEEEEING.
  7098 | D:9      | 7098 ||| FLEEEEING.
  7099 | D:9      | 7099 ||| FLEEEEING.
  7100 | D:9      | 7100 ||| FLEEEEING.
  7101 | D:9      | 7101 ||| FLEEEEING.
  7102 | D:9      | 7102 ||| FLEEEEING.
  7103 | D:9      | 7103 ||| STAIRDANCE
  7231 | D:8      | 7231 ||| READING scroll labelled OPTYSY TOMU.
  7232 | D:8      | 7232 ||| READING 2 scrolls of identify.
  7232 | D:8      | 7232 ||| IDENTIFYING emerald potion
  7235 | D:9      | 7235 ||| STAIRDANCE
  7310 | D:9      | 7310 ||| STAIRDANCE
  7512 | D:9      | Found a staircase to the Orcish Mines.
  7536 | D:9      | 7536 ||| INVOKING Heroism.
  7592 | D:9      | 7592 ||| RETREEAATING.
  7593 | D:9      | 7593 ||| INVOKING Heroism.
  7763 | D:9      | Reached **** piety under Okawaru
  7767 | D:9      | Noticed Grum
  7768 | D:9      | 7768 ||| RETREEAATING.
  7770 | D:9      | 7770 ||| Stepping ~*~*~tactically~*~*~ (retreating).
  7771 | D:9      | 7771 ||| INVOKING Heroism.
  7776 | D:9      | Killed Grum
  7777 | D:9      | Reached XP level 11. HP: 65/68 MP: 12/14
  7841 | D:9      | 7841 ||| READING 2 scrolls of identify.
  7841 | D:9      | 7841 ||| IDENTIFYING inky potion
  7853 | D:10     | Entered Level 10 of the Dungeon
  7854 | D:10     | Noticed Sonja
  7855 | D:10     | Killed Sonja
  7876 | D:10     | Found a staircase to the Lair.
  7889 | D:10     | Reached skill level 13 in Ranged Weapons
  7969 | D:10     | Found a shadowy altar of Dithmenos.
  7993 | D:10     | Found a portal to a secret trove of treasure.
  8103 | D:10     | Found a blossoming altar of Fedhas.
  8129 | D:10     | Noticed a two-headed ogre
  8130 | D:10     | 8130 ||| INVOKING Heroism.
  8133 | D:10     | Killed a two-headed ogre
  8134 | D:10     | Reached skill level 6 in Invocations
  8234 | D:10     | Reached ***** piety under Okawaru
  8263 | D:10     | Found a glowing silver altar of Zin.
  8639 | D:10     | 8639 ||| PLANNING LAIR
  8639 | D:10     | 8639 ||| DROPPING scarf of harm.
  8640 | D:10     | 8640 ||| READING scroll labelled PACEBYV QOYMIOQO.
  8641 | D:10     | 8641 ||| READING 2 scrolls of identify.
  8641 | D:10     | 8641 ||| IDENTIFYING purple potion
  8644 | Lair:1   | Entered Level 1 of the Lair of Beasts
  8812 | Lair:1   | Reached skill level 9 in Fighting
  8853 | Lair:1   | 8853 ||| RETREEAATING.
  8854 | Lair:1   | 8854 ||| STILL RETREEAATING.
  8855 | Lair:1   | 8855 ||| INVOKING Heroism.
  8859 | Lair:1   | Received a gift from Okawaru
  8957 | Lair:1   | 8957 ||| INVOKING Heroism.
  8988 | Lair:1   | 8988 ||| INVOKING Heroism.
  9056 | Lair:1   | 9056 ||| RETREEAATING.
  9062 | Lair:1   | 9062 ||| Stepping ~*~*~tactically~*~*~ (retreating).
  9066 | Lair:1   | Reached XP level 12. HP: 70/76 MP: 18/18
  9073 | Lair:1   | 9073 ||| INVOKING Heroism.
  9077 | Lair:1   | HP: 11/76 [yak (10)]
  9078 | Lair:1   | 9078 ||| READING 6 scrolls of teleportation.
  9079 | Lair:1   | 9079 ||| DRINKING potion of heal wounds.
  9084 | Lair:1   | Reached skill level 14 in Ranged Weapons
  9087 | Lair:1   | Reached skill level 9 in Invocations
  9089 | Lair:1   | HP: 18/76 [yak (10)]
  9090 | Lair:1   | 9090 ||| READING 5 scrolls of teleportation.
  9091 | Lair:1   | 9091 ||| INVOKING Heroism.
  9534 | Lair:1   | 9534 ||| INVOKING Heroism.
  9633 | Lair:1   | 9633 ||| INVOKING Heroism.
  9694 | Lair:1   | 9694 ||| READING scroll labelled WATOUM UVVUPLI.
  9713 | Lair:2   | 9713 ||| STAIRDANCE
  9726 | Lair:2   | 9726 ||| STAIRDANCE
  9731 | Lair:1   | 9731 ||| INVOKING Heroism.
  9819 | Lair:2   | 9819 ||| STAIRDANCE
  9823 | Lair:1   | 9823 ||| INVOKING Heroism.
  9825 | Lair:1   | Reached skill level 6 in Armour
  9960 | Lair:2   | 9960 ||| STAIRDANCE
 10032 | Lair:2   | 10032 ||| RETREEAATING.
 10035 | Lair:2   | Noticed an eight-headed hydra
 10036 | Lair:2   | 10036 ||| INVOKING Heroism.
 10041 | Lair:2   | Killed an eight-headed hydra
 10051 | Lair:2   | Found a staircase to the Shoals.
 10094 | Lair:2   | 10094 ||| Stepping ~*~*~tactically~*~*~ (water).
 10104 | Lair:2   | Received a gift from Okawaru
 10112 | Lair:2   | 10112 ||| INVOKING Heroism.
 10120 | Lair:2   | Reached skill level 6 in Dodging
 10174 | Lair:2   | Noticed a boulder beetle
 10175 | Lair:2   | 10175 ||| RETREEAATING.
 10176 | Lair:2   | 10176 ||| STILL RETREEAATING.
 10179 | Lair:2   | 10179 ||| INVOKING Heroism.
 10180 | Lair:2   | 10180 ||| INVOKING Finesse.
 10184 | Lair:2   | 10184 ||| RETREEAATING.
 10185 | Lair:2   | 10185 ||| STILL RETREEAATING.
 10186 | Lair:2   | 10186 ||| STILL RETREEAATING.
 10192 | Lair:2   | Killed a boulder beetle
 10272 | Lair:2   | 10272 ||| INVOKING Heroism.
 10488 | Lair:2   | 10488 ||| READING scroll labelled DOABIKINEU.
 10536 | Lair:2   | 10536 ||| READING 3 scrolls of identify.
 10536 | Lair:2   | 10536 ||| IDENTIFYING gluggy clear potion
 10537 | Lair:2   | 10537 ||| READING 2 scrolls of identify.
 10537 | Lair:2   | 10537 ||| IDENTIFYING green potion
 10538 | Lair:2   | 10538 ||| DROPPING potion of degeneration.
 10539 | Lair:2   | 10539 ||| DROPPING potion of ambrosia.
 10570 | Lair:3   | 10570 ||| RETREEAATING.
 10571 | Lair:3   | 10571 ||| STILL RETREEAATING.
 10572 | Lair:3   | 10572 ||| Stepping ~*~*~tactically~*~*~ (retreating).
 10573 | Lair:3   | 10573 ||| Stepping ~*~*~tactically~*~*~ (retreating).
 10574 | Lair:3   | 10574 ||| Stepping ~*~*~tactically~*~*~ (retreating).
 10575 | Lair:3   | 10575 ||| Stepping ~*~*~tactically~*~*~ (retreating).
 10576 | Lair:3   | 10576 ||| Stepping ~*~*~tactically~*~*~ (retreating).
 10577 | Lair:3   | 10577 ||| Stepping ~*~*~tactically~*~*~ (retreating).
 10578 | Lair:3   | 10578 ||| Stepping ~*~*~tactically~*~*~ (retreating).
 10579 | Lair:3   | 10579 ||| INVOKING Heroism.
 10580 | Lair:3   | 10580 ||| Stepping ~*~*~tactically~*~*~ (retreating).
 10581 | Lair:3   | 10581 ||| Stepping ~*~*~tactically~*~*~ (retreating).
 10607 | Lair:3   | Reached skill level 15 in Ranged Weapons
 10701 | Lair:3   | Reached XP level 13. HP: 82/82 MP: 20/20
 10704 | Lair:3   | 10704 ||| RETREEAATING.
 10785 | Lair:3   | Found a staircase to the Snake Pit.
 10806 | Lair:3   | You fall into a shaft and drop 2 floors!
 10806 | Lair:5   | Entered Level 5 of the Lair of Beasts
 10956 | Lair:5   | 10956 ||| INVOKING Heroism.
 11030 | Lair:5   | 11030 ||| INVOKING Heroism.
 11176 | Lair:5   | Reached skill level 16 in Ranged Weapons
 11271 | Lair:5   | 11271 ||| DROPPING ring of wizardry.
 11272 | Lair:5   | 11272 ||| READING 2 scrolls of identify.
 11272 | Lair:5   | 11272 ||| IDENTIFYING brown potion
 11273 | Lair:5   | 11273 ||| DROPPING potion of berserk rage.
 11338 | Lair:4   | 11338 ||| Stepping ~*~*~tactically~*~*~ (retreating).
 11339 | Lair:4   | 11339 ||| Stepping ~*~*~tactically~*~*~ (retreating).
 11340 | Lair:4   | 11340 ||| Stepping ~*~*~tactically~*~*~ (retreating).
 11341 | Lair:4   | 11341 ||| Stepping ~*~*~tactically~*~*~ (retreating).
 11342 | Lair:4   | 11342 ||| Stepping ~*~*~tactically~*~*~ (retreating).
 11343 | Lair:4   | 11343 ||| INVOKING Heroism.
 11670 | Lair:3   | 11670 ||| RETREEAATING.
 11686 | Lair:3   | Received a gift from Okawaru
 11753 | Lair:3   | Identified the +0 ring mail of the New World {rC- rN+++
                  | MP-9 Slay+4}
 11954 | Lair:3   | Identified the +1 chain mail of Awe {Rampage rElec rF+}
 12137 | Lair:4   | 12137 ||| INVOKING Heroism.
 12139 | Lair:4   | 12139 ||| RETREEAATING.
 12142 | Lair:4   | 12142 ||| STILL RETREEAATING.
 12143 | Lair:4   | 12143 ||| STILL RETREEAATING.
 12150 | Lair:4   | Identified the +0 pair of boots "Neckoosk" {rCorr}
 12178 | Lair:4   | 12178 ||| INVOKING Heroism.
 12179 | Lair:4   | 12179 ||| INVOKING Finesse.
 12181 | Lair:4   | 12181 ||| Stepping ~*~*~tactically~*~*~ (retreating).
 12182 | Lair:4   | 12182 ||| Stepping ~*~*~tactically~*~*~ (retreating).
 12193 | Lair:4   | Received a gift from Okawaru
 12225 | Lair:4   | 12225 ||| INVOKING Heroism.
 12284 | Lair:4   | 12284 ||| READING scroll of enchant weapon.
 12284 | Lair:4   | 12284 ||| ENCHANTING +0 heavy longbow.
 12321 | Lair:4   | 12321 ||| RETREEAATING.
 12330 | Lair:4   | 12330 ||| STILL RETREEAATING.
 12331 | Lair:4   | 12331 ||| Stepping ~*~*~tactically~*~*~ (retreating).
 12374 | Lair:4   | 12374 ||| RETREEAATING.
 12377 | Lair:4   | 12377 ||| RETREEAATING.
 12379 | Lair:4   | 12379 ||| RETREEAATING.
 12382 | Lair:4   | 12382 ||| Stepping ~*~*~tactically~*~*~ (retreating).
 12383 | Lair:4   | 12383 ||| Stepping ~*~*~tactically~*~*~ (retreating).
 12384 | Lair:4   | 12384 ||| Stepping ~*~*~tactically~*~*~ (retreating).
 12388 | Lair:4   | Reached skill level 17 in Ranged Weapons
 12401 | Lair:4   | Gained mutation: Your large and strong wings let you fly.
                  | [Gargoyle growth]
 12401 | Lair:4   | Reached XP level 14. HP: 88/90 MP: 21/21
 12545 | Lair:4   | 12545 ||| INVOKING Heroism.
 12546 | Lair:4   | 12546 ||| INVOKING Finesse.
 12937 | Lair:4   | Found a viscous altar of Jiyva.
 12938 | Lair:4   | 12938 ||| INVOKING Heroism.
 12939 | Lair:4   | 12939 ||| INVOKING Finesse.
 12998 | Lair:4   | Found a staircase to the Slime Pits.
 13189 | Lair:4   | 13189 ||| DROPPING +0 pair of boots "Neckoosk" {rCorr}.
 13190 | Lair:4   | 13190 ||| UPGRADING to +1 pair of gloves.
 13195 | Lair:4   | 13195 ||| READING 2 scrolls labelled RODWEM ET XEO.
 13196 | Lair:4   | 13196 ||| READING scroll of enchant armour.
 13196 | Lair:4   | 13196 ||| ENCHANTING +0 swamp dragon scales.
 13197 | Lair:4   | 13197 ||| DROPPING +2 robe of cold resistance.
 13628 | Lair:5   | 13628 ||| Stepping ~*~*~tactically~*~*~ (retreating).
 13630 | Lair:5   | 13630 ||| Stepping ~*~*~tactically~*~*~ (retreating).
 13631 | Lair:5   | 13631 ||| Stepping ~*~*~tactically~*~*~ (retreating).
 13632 | Lair:5   | 13632 ||| Stepping ~*~*~tactically~*~*~ (retreating).
 13633 | Lair:5   | 13633 ||| Stepping ~*~*~tactically~*~*~ (retreating).
 13634 | Lair:5   | 13634 ||| Stepping ~*~*~tactically~*~*~ (retreating).
 13635 | Lair:5   | 13635 ||| Stepping ~*~*~tactically~*~*~ (retreating).
 13636 | Lair:5   | 13636 ||| Stepping ~*~*~tactically~*~*~ (retreating).
 13650 | Lair:5   | 13650 ||| INVOKING Heroism.
 13708 | Lair:5   | 13708 ||| Stepping ~*~*~tactically~*~*~ (retreating).
 13725 | Lair:5   | 13725 ||| INVOKING Heroism.
 13727 | Lair:5   | 13727 ||| RETREEAATING.
 13730 | Lair:5   | 13730 ||| INVOKING Finesse.
 13735 | Lair:5   | Reached skill level 18 in Ranged Weapons
 13910 | Lair:5   | Reached skill level 12 in Fighting
 14107 | Lair:5   | 14107 ||| PLANNING D:1-11
 14107 | Lair:5   | 14107 ||| UPGRADING to +0 cloak.
 14112 | Lair:5   | 14112 ||| READING scroll labelled VOMPIVVEZXA.
 14113 | Lair:5   | 14113 ||| READING 4 scrolls of identify.
 14113 | Lair:5   | 14113 ||| IDENTIFYING metallic white potion
 14114 | Lair:5   | 14114 ||| DROPPING potion of lignification.
 14259 | D:11     | 14259 ||| RETREEAATING.
 14260 | D:11     | 14260 ||| Stepping ~*~*~tactically~*~*~ (retreating).
 14261 | D:11     | 14261 ||| Stepping ~*~*~tactically~*~*~ (retreating).
 14263 | D:11     | 14263 ||| Stepping ~*~*~tactically~*~*~ (retreating).
 14264 | D:11     | 14264 ||| Stepping ~*~*~tactically~*~*~ (retreating).
 14265 | D:11     | 14265 ||| Stepping ~*~*~tactically~*~*~ (retreating).
 14266 | D:11     | 14266 ||| Stepping ~*~*~tactically~*~*~ (retreating).
 14267 | D:11     | 14267 ||| Stepping ~*~*~tactically~*~*~ (retreating).
 14268 | D:11     | 14268 ||| Stepping ~*~*~tactically~*~*~ (retreating).
 14343 | D:11     | 14343 ||| RETREEAATING.
 14345 | D:11     | 14345 ||| RETREEAATING.
 14346 | D:11     | 14346 ||| INVOKING Heroism.
 14350 | D:11     | Received a gift from Okawaru
 14351 | D:11     | 14351 ||| INVOKING Finesse.
 14352 | D:11     | 14352 ||| Stepping ~*~*~tactically~*~*~ (retreating).
 14357 | D:11     | 14357 ||| Stepping ~*~*~tactically~*~*~ (retreating).
 14367 | D:11     | Reached skill level 9 in Armour
 14519 | D:11     | Noticed Snorg
 14520 | D:11     | 14520 ||| INVOKING Heroism.
 14521 | D:11     | 14521 ||| INVOKING Finesse.
 14524 | D:11     | Killed Snorg
 14742 | D:11     | 14742 ||| PLANNING D
 14742 | D:11     | 14742 ||| DROPPING +0 ring mail of the New World {rC- rN+++
                  | MP-9 Slay+4}.
 14743 | D:11     | 14743 ||| DROPPING +1 robe of fire resistance.
 14744 | D:11     | 14744 ||| UPGRADING to +2 troll leather armour {Snorg}.
 14754 | D:11     | 14754 ||| DROPPING +1 swamp dragon scales.
 14794 | D:12     | Noticed Nergalle
 14803 | D:12     | Killed Nergalle
 14834 | D:12     | 14834 ||| READING scroll of enchant weapon.
 14834 | D:12     | 14834 ||| ENCHANTING +1 heavy longbow.
 14852 | D:12     | Found a frozen archway.
 14889 | D:12     | 14889 ||| RETREEAATING.
 14890 | D:12     | 14890 ||| STILL RETREEAATING.
 14894 | D:12     | 14894 ||| STILL RETREEAATING.
 14895 | D:12     | 14895 ||| STILL RETREEAATING.
 15081 | D:12     | Noticed Fannar
 15086 | D:12     | 15086 ||| RETREEAATING.
 15087 | D:12     | 15087 ||| STILL RETREEAATING.
 15088 | D:12     | 15088 ||| STILL RETREEAATING.
 15091 | D:12     | 15091 ||| STILL RETREEAATING.
 15095 | D:12     | 15095 ||| Stepping ~*~*~tactically~*~*~ (retreating).
 15096 | D:12     | 15096 ||| STILL RETREEAATING.
 15097 | D:12     | 15097 ||| STILL RETREEAATING.
 15099 | D:12     | 15099 ||| Stepping ~*~*~tactically~*~*~ (retreating).
 15103 | D:12     | 15103 ||| Stepping ~*~*~tactically~*~*~ (retreating).
 15104 | D:12     | Killed Fannar
 15105 | D:12     | Reached XP level 15. HP: 95/96 MP: 22/22
 15108 | D:12     | Reached skill level 9 in Dodging
 15204 | D:12     | Found a shimmering blue altar of Sif Muna.
 15242 | D:12     | 15242 ||| INVOKING Heroism.
 15244 | D:12     | Noticed a tengu reaver
 15245 | D:12     | 15245 ||| RETREEAATING.
 15246 | D:12     | 15246 ||| Stepping ~*~*~tactically~*~*~ (retreating).
 15252 | D:12     | Killed a tengu reaver
 15253 | D:12     | HP: 24/96 [deep elf annihilator/+0 dagger (7)]
 15254 | D:12     | 15254 ||| READING 8 scrolls of teleportation.
 15405 | D:12     | Identified the +0 leather armour of the Hills {rN++ Stlth+}
 15483 | D:12     | 15483 ||| SWAPPING to +6 longbow.
 15484 | D:12     | 15484 ||| DROPPING +2 heavy longbow.
 15491 | D:12     | Noticed Soedd's ghost (journeyman DgAr)
 15495 | D:12     | Found a runed translucent gate.
 15495 | D:12     | Found a runed translucent gate.
 15508 | D:12     | Found a runed translucent gate.
 15537 | D:12     | 15537 ||| DROPPING +0 leather armour of the Hills {rN++
                  | Stlth+}.
 15538 | D:12     | 15538 ||| DROPPING +6 ring of strength.
 15539 | D:12     | 15539 ||| DROPPING ring of see invisible.
 15759 | D:13     | Found Rimocvuw's Assorted Antiques.
 15765 | D:13     | 15765 ||| BUYING potion of enlightenment (125 gold).
 15765 | D:13     | Bought a potion of enlightenment for 125 gold pieces
 15765 | D:13     | 15765 ||| BUYING potion of heal wounds (125 gold).
 15765 | D:13     | Bought a potion of heal wounds for 125 gold pieces
 15765 | D:13     | 15765 ||| BUYING scroll labelled RIUF QU ISIU (25 gold).
 15765 | D:13     | Bought a scroll labelled RIUF QU ISIU for 25 gold pieces
 15871 | D:13     | Reached skill level 19 in Ranged Weapons
 15888 | D:13     | 15888 ||| READING 7 scrolls of teleportation.
 15889 | D:13     | 15889 ||| INVOKING Heroism.
 15900 | D:13     | HP: 24/96 [skeletal warrior/+0 long sword (17)]
 15901 | D:13     | 15901 ||| READING 6 scrolls of teleportation.
 15902 | D:13     | 15902 ||| DRINKING potion of heal wounds.
 16003 | D:13     | 16003 ||| INVOKING Heroism.
 16015 | D:13     | Received a gift from Okawaru
 16114 | D:13     | 16114 ||| Stepping ~*~*~tactically~*~*~ (retreating).
 16115 | D:13     | 16115 ||| INVOKING Heroism.
 16120 | D:13     | 16120 ||| READING 5 scrolls of teleportation.
 16122 | D:13     | 16122 ||| Stepping ~*~*~tactically~*~*~ (retreating).
 16188 | D:13     | 16188 ||| INVOKING Heroism.
 16235 | D:13     | 16235 ||| INVOKING Heroism.
 16271 | D:13     | 16271 ||| INVOKING Heroism.
 16302 | D:13     | Identified the -2 pair of boots of Hedging {Dex+6}
 16379 | D:13     | 16379 ||| INVOKING Heroism.
 16381 | D:13     | 16381 ||| READING 5 scrolls of teleportation.
 16515 | D:13     | 16515 ||| UPGRADING to -2 pair of boots of Hedging {Dex+6}.
 16525 | D:13     | 16525 ||| DROPPING +1 pair of boots.
 16526 | D:13     | 16526 ||| READING scroll labelled RIUF QU ISIU.
 16526 | D:13     | 16526 ||| ACQUIRING scarf of the Centipede {repulsion, rF+
                  | rC- Int+4}
 16526 | D:13     | Acquired the scarf of the Centipede {repulsion, rF+ rC-
                  | Int+4}
 16528 | D:13     | 16528 ||| UPGRADING to scarf of the Centipede {repulsion,
                  | rF+ rC- Int+4}.
 16581 | D:13     | 16581 ||| INVOKING Heroism.
 16610 | D:14     | 16610 ||| INVOKING Heroism.
 16611 | D:14     | 16611 ||| STAIRDANCE
 16623 | D:14     | 16623 ||| STAIRDANCE
 16625 | D:13     | 16625 ||| Stepping ~*~*~tactically~*~*~ (retreating).
 16626 | D:13     | 16626 ||| Stepping ~*~*~tactically~*~*~ (retreating).
 16627 | D:13     | 16627 ||| Stepping ~*~*~tactically~*~*~ (retreating).
 16697 | D:14     | Noticed Jorgrun
 16698 | D:14     | 16698 ||| INVOKING Heroism.
 16699 | D:14     | 16699 ||| INVOKING Finesse.
 16702 | D:14     | Killed Jorgrun
 16880 | D:14     | 16880 ||| RETREEAATING.
 16881 | D:14     | 16881 ||| STILL RETREEAATING.
 16882 | D:14     | 16882 ||| STILL RETREEAATING.
 16883 | D:14     | 16883 ||| STILL RETREEAATING.
 16884 | D:14     | 16884 ||| STILL RETREEAATING.
 16885 | D:14     | 16885 ||| STILL RETREEAATING.
 16886 | D:14     | 16886 ||| STILL RETREEAATING.
 16895 | D:14     | 16895 ||| Stepping ~*~*~tactically~*~*~ (retreating).
 16901 | Abyss:2  | Cast into level 2 of the Abyss (a wizard)
 16937 | Abyss:2  | Found an iron altar of Okawaru.
 16944 | Abyss:2  | Found an iron altar of Okawaru.
 16944 | Abyss:2  | Found an iron altar of Okawaru.
 16978 | Abyss:2  | Received a gift from Okawaru
 17029 | D:14     | Escaped the Abyss
 17060 | D:14     | 17060 ||| RETREEAATING.
 17061 | D:14     | 17061 ||| Stepping ~*~*~tactically~*~*~ (retreating).
 17064 | D:14     | 17064 ||| Stepping ~*~*~tactically~*~*~ (retreating).
 17065 | D:14     | 17065 ||| Stepping ~*~*~tactically~*~*~ (retreating).
 17066 | D:14     | 17066 ||| Stepping ~*~*~tactically~*~*~ (retreating).
 17067 | D:14     | 17067 ||| Stepping ~*~*~tactically~*~*~ (retreating).
 17068 | D:14     | 17068 ||| Stepping ~*~*~tactically~*~*~ (retreating).
 17069 | D:14     | 17069 ||| Stepping ~*~*~tactically~*~*~ (retreating).
 17070 | D:14     | 17070 ||| Stepping ~*~*~tactically~*~*~ (retreating).
 17077 | D:14     | 17077 ||| STILL RETREEAATING.
 17078 | D:14     | 17078 ||| STILL RETREEAATING.
 17095 | D:14     | 17095 ||| INVOKING Heroism.
 17163 | D:14     | Found a gate to the Vaults.
 17164 | D:14     | 17164 ||| RETREEAATING.
 17165 | D:14     | 17165 ||| STILL RETREEAATING.
 17166 | D:14     | 17166 ||| STILL RETREEAATING.
 17167 | D:14     | 17167 ||| STILL RETREEAATING.
 17170 | D:14     | 17170 ||| Stepping ~*~*~tactically~*~*~ (retreating).
 17171 | D:14     | 17171 ||| Stepping ~*~*~tactically~*~*~ (retreating).
 17173 | D:14     | 17173 ||| Stepping ~*~*~tactically~*~*~ (retreating).
 17174 | D:14     | 17174 ||| Stepping ~*~*~tactically~*~*~ (retreating).
 17175 | D:14     | 17175 ||| Stepping ~*~*~tactically~*~*~ (retreating).
 17447 | D:15     | Entered Level 15 of the Dungeon
 17473 | D:15     | 17473 ||| INVOKING Heroism.
 17474 | D:15     | 17474 ||| INVOKING Finesse.
 17476 | D:15     | 17476 ||| RETREEAATING.
 17486 | D:15     | Reached XP level 16. HP: 104/104 MP: 16/23
 17488 | D:15     | 17488 ||| STILL RETREEAATING.
 17491 | D:15     | 17491 ||| Stepping ~*~*~tactically~*~*~ (retreating).
 17492 | D:15     | 17492 ||| Stepping ~*~*~tactically~*~*~ (retreating).
 17552 | D:15     | Found a staircase to the Depths.
 17671 | D:15     | Reached skill level 20 in Ranged Weapons
 17703 | D:15     | 17703 ||| INVOKING Heroism.
 17705 | D:15     | 17705 ||| RETREEAATING.
 17707 | D:15     | Received a gift from Okawaru
 17849 | D:15     | 17849 ||| INVOKING Heroism.
 17855 | D:15     | 17855 ||| RETREEAATING.
 17856 | D:15     | 17856 ||| STILL RETREEAATING.
 17857 | D:15     | 17857 ||| STILL RETREEAATING.
 17858 | D:15     | 17858 ||| STILL RETREEAATING.
 17859 | D:15     | 17859 ||| STILL RETREEAATING.
 17861 | D:15     | 17861 ||| STILL RETREEAATING.
 17865 | D:15     | 17865 ||| STILL RETREEAATING.
 17871 | D:15     | 17871 ||| STILL RETREEAATING.
 17872 | D:15     | 17872 ||| STILL RETREEAATING.
 17873 | D:15     | 17873 ||| STILL RETREEAATING.
 17874 | D:15     | 17874 ||| STILL RETREEAATING.
 17875 | D:15     | 17875 ||| STILL RETREEAATING.
 17876 | D:15     | 17876 ||| STILL RETREEAATING.
 17877 | D:15     | 17877 ||| Stepping ~*~*~tactically~*~*~ (retreating).
 17878 | D:15     | 17878 ||| Stepping ~*~*~tactically~*~*~ (retreating).
 17879 | D:15     | 17879 ||| Stepping ~*~*~tactically~*~*~ (retreating).
 17880 | D:15     | 17880 ||| Stepping ~*~*~tactically~*~*~ (retreating).
 17881 | D:15     | 17881 ||| STILL RETREEAATING.
 17882 | D:15     | 17882 ||| Stepping ~*~*~tactically~*~*~ (retreating).
 17883 | D:15     | 17883 ||| Stepping ~*~*~tactically~*~*~ (retreating).
 17884 | D:15     | 17884 ||| Stepping ~*~*~tactically~*~*~ (retreating).
 17885 | D:15     | 17885 ||| Stepping ~*~*~tactically~*~*~ (retreating).
 17962 | D:15     | 17962 ||| RETREEAATING.
 17963 | D:15     | 17963 ||| STILL RETREEAATING.
 17964 | D:15     | 17964 ||| STILL RETREEAATING.
 17965 | D:15     | 17965 ||| STILL RETREEAATING.
 17966 | D:15     | 17966 ||| STILL RETREEAATING.
 17967 | D:15     | 17967 ||| STILL RETREEAATING.
 17968 | D:15     | 17968 ||| STILL RETREEAATING.
 17969 | D:15     | 17969 ||| STILL RETREEAATING.
 17970 | D:15     | 17970 ||| STILL RETREEAATING.
 17971 | D:15     | 17971 ||| STILL RETREEAATING.
 17972 | D:15     | 17972 ||| STILL RETREEAATING.
 17973 | D:15     | 17973 ||| STILL RETREEAATING.
 17974 | D:15     | 17974 ||| STILL RETREEAATING.
 17975 | D:15     | 17975 ||| STILL RETREEAATING.
 17976 | D:15     | 17976 ||| STILL RETREEAATING.
 17977 | D:15     | 17977 ||| STILL RETREEAATING.
 17978 | D:15     | 17978 ||| Stepping ~*~*~tactically~*~*~ (retreating).
 17979 | D:15     | 17979 ||| Stepping ~*~*~tactically~*~*~ (retreating).
 17980 | D:15     | 17980 ||| Stepping ~*~*~tactically~*~*~ (retreating).
 17981 | D:15     | 17981 ||| Stepping ~*~*~tactically~*~*~ (retreating).
 17982 | D:15     | 17982 ||| Stepping ~*~*~tactically~*~*~ (retreating).
 17983 | D:15     | 17983 ||| Stepping ~*~*~tactically~*~*~ (retreating).
 17984 | D:15     | 17984 ||| Stepping ~*~*~tactically~*~*~ (retreating).
 17999 | D:15     | Received a gift from Okawaru
 18190 | D:15     | 18190 ||| INVOKING Heroism.
 18274 | D:15     | 18274 ||| PLANNING ORC
 18432 | Orc:1    | Entered Level 1 of the Orcish Mines
 18523 | Orc:2    | Entered Level 2 of the Orcish Mines
 18524 | Orc:2    | 18524 ||| STAIRDANCE
 18542 | Orc:2    | 18542 ||| STAIRDANCE
 18544 | Orc:1    | 18544 ||| INVOKING Heroism.
 18545 | Orc:1    | 18545 ||| INVOKING Finesse.
 18615 | Orc:2    | 18615 ||| STAIRDANCE
 18635 | Orc:2    | 18635 ||| STAIRDANCE
 18637 | Orc:1    | 18637 ||| INVOKING Heroism.
 18662 | Orc:2    | 18662 ||| STAIRDANCE
 18678 | Orc:2    | 18678 ||| STAIRDANCE
 18680 | Orc:1    | 18680 ||| DRINKING 10 potions of curing.
 18680 | Orc:1    | 18680 ||| (to cure confusion)
 18697 | Orc:2    | 18697 ||| STAIRDANCE
 18714 | Orc:2    | 18714 ||| STAIRDANCE
 18721 | Orc:2    | 18721 ||| STAIRDANCE
 18732 | Orc:2    | 18732 ||| STAIRDANCE
 18744 | Orc:2    | 18744 ||| STAIRDANCE
 18870 | Orc:1    | Found a transporter.
 18872 | Orc:1    | Noticed prawnwizard's ghost (journeyman MfMo)
 18988 | Orc:1    | Found a transporter.
 19320 | Orc:2    | Found a runed translucent gate.
 19370 | Orc:2    | 19370 ||| INVOKING Heroism.
 19393 | Orc:2    | Found a staircase to the Elven Halls.
 19478 | Orc:2    | 19478 ||| INVOKING Heroism.
 19523 | Orc:2    | Found Yfracw's Distillery.
 19531 | Orc:2    | 19531 ||| BUYING potion of curing (45 gold).
 19531 | Orc:2    | Bought a potion of curing for 45 gold pieces
 19531 | Orc:2    | 19531 ||| BUYING potion of curing (45 gold).
 19531 | Orc:2    | Bought a potion of curing for 45 gold pieces
 19531 | Orc:2    | 19531 ||| BUYING potion of curing (45 gold).
 19531 | Orc:2    | Bought a potion of curing for 45 gold pieces
 19531 | Orc:2    | 19531 ||| BUYING potion of curing (45 gold).
 19531 | Orc:2    | Bought a potion of curing for 45 gold pieces
 19531 | Orc:2    | 19531 ||| BUYING potion of curing (45 gold).
 19531 | Orc:2    | Bought a potion of curing for 45 gold pieces
 19544 | Orc:2    | Found an ancient bone altar of Kikubaaqudgha.
 19547 | Orc:2    | 19547 ||| INVOKING Heroism.
 19564 | Orc:2    | Found Quhe's Antique Weapon Shoppe.
 19584 | Orc:2    | Found a radiant altar of Vehumet.
 19695 | Orc:2    | Found a runed translucent gate.
 19696 | Orc:2    | Found a runed translucent gate.
 19702 | Orc:2    | Noticed qw's ghost (adept GrHs)
 19757 | Orc:2    | 19757 ||| INVOKING Heroism.
 19772 | Orc:2    | Found Viaryohe's Jewellery Emporium.
 19783 | Orc:2    | 19783 ||| BUYING amulet of faith (480 gold).
 19783 | Orc:2    | Bought an amulet of faith for 480 gold pieces
 19789 | Orc:2    | Found Zetyitin's Magic Scroll Shoppe.
 19797 | Orc:2    | 19797 ||| BUYING scroll of identify (32 gold).
 19797 | Orc:2    | Bought a scroll of identify for 32 gold pieces
 19797 | Orc:2    | 19797 ||| BUYING scroll of teleportation (48 gold).
 19797 | Orc:2    | Bought a scroll of teleportation for 48 gold pieces
 19797 | Orc:2    | 19797 ||| BUYING scroll of teleportation (48 gold).
 19797 | Orc:2    | Bought a scroll of teleportation for 48 gold pieces
 19797 | Orc:2    | 19797 ||| BUYING scroll of teleportation (48 gold).
 19797 | Orc:2    | Bought a scroll of teleportation for 48 gold pieces
 19846 | Orc:2    | 19846 ||| PLANNING SHOALS:1-3
 19846 | Orc:2    | 19846 ||| DROPPING +2 robe of fire resistance.
 19847 | Orc:2    | 19847 ||| UPGRADING to amulet of faith.
 20008 | Shoals:1 | Entered Level 1 of the Shoals
 20009 | Shoals:1 | 20009 ||| INVOKING Heroism.
 20010 | Shoals:1 | 20010 ||| STAIRDANCE
 20054 | Shoals:1 | Found Ronimiy's Weapon Shop.
 20075 | Shoals:1 | Reached skill level 15 in Fighting
 20305 | Shoals:1 | Found a runed translucent door.
 20305 | Shoals:1 | Noticed Aral's ghost (adept MiBe)
 20327 | Shoals:1 | 20327 ||| RETREEAATING.
 20371 | Shoals:1 | 20371 ||| RETREEAATING.
 20372 | Shoals:1 | 20372 ||| STILL RETREEAATING.
 20373 | Shoals:1 | 20373 ||| Stepping ~*~*~tactically~*~*~ (retreating).
 20376 | Shoals:1 | Received a gift from Okawaru
 20383 | Shoals:1 | 20383 ||| INVOKING Heroism.
 20401 | Shoals:1 | 20401 ||| INVOKING Finesse.
 20405 | Shoals:1 | Reached skill level 12 in Dodging
 20797 | Shoals:1 | 20797 ||| READING 10 scrolls of identify.
 20797 | Shoals:1 | 20797 ||| IDENTIFYING coppery potion
 20810 | Shoals:2 | 20810 ||| PLANNING BAZAAR
 20812 | Shoals:2 | 20812 ||| INVOKING Heroism.
 20816 | Shoals:2 | Reached XP level 17. HP: 113/113 MP: 21/24
 20845 | Shoals:2 | Noticed Ilsuiw
 20846 | Shoals:2 | 20846 ||| RETREEAATING.
 20856 | Shoals:2 | 20856 ||| INVOKING Finesse.
 20866 | Shoals:2 | 20866 ||| INVOKING Heroism.
 20887 | Shoals:2 | Killed Ilsuiw
 20947 | Shoals:2 | Noticed Polyphemus
 20948 | Shoals:2 | 20948 ||| INVOKING Heroism.
 20983 | Shoals:2 | HP: 23/115 [Polyphemus (17)]
 20983 | Shoals:2 | HP: 11/115 [death yak[Polyphemus] (12)]
 20984 | Shoals:2 | 20984 ||| READING 8 scrolls of teleportation.
 20985 | Shoals:2 | 20985 ||| DRINKING potion of heal wounds.
 20985 | Shoals:2 | HP: 1/115 [Polyphemus (11)]
 20985 | Shoals:2 | Mangled by a death yak

Levels and vault maps discovered:
D:1:      scummos_arrival_simple_fountains, layout_loops_ring,
          ebering_ecumenical_altar_box, minmay_misc_feat_tower,
          minmay_hexomino_c4
D:2:      layout_basic
D:3:      layout_basic, grunt_temple_overflow_open, serial_bayou_pond_c,
          feat_on_display, uniq_robin
D:4:      layout_loops_ring, elyvilon_altar_3
D:5:      layout_basic, minmay_temple_entry_mini_moons, kennysheep_flooded_box,
          nrook_pool_corridor
D:6:      layout_rooms, tgw_kikubaaqudgha, mainiacjoe_overflow_six_doors_small
D:7:      layout_loops_ring, nicolae_qazlal_eye_of_the_storm,
          grunt_ministairs_6, nrook_uturn
D:8:      layout_rooms, regret_index_temple_of_mockery, serial_shops,
          nicolae_shop_just_a_little_nook, uniq_maggie
D:9:      gammafunk_beogh_shrine, layout_cave_pods, david_orc_1_choice,
          minmay_misc_feat_more_columns, uniq_psyche, uniq_grum
D:10:     layout_loops_ring, grunt_dithmenos_smoke_and_mirrors, zin_statuary,
          fedhas_ov_isle_minmay, lair_entry_dummy, enter_trove_0,
          minmay_fire_ice_demons, uniq_sonja
D:11:     layout_cave_pools, uniq_snorg
D:12:     evilmike_library_of_no_secrets, layout_basic, gammafunk_ghost_split,
          portal_ice_cave_rime, nicolae_lava_and_water, uniq_fannar,
          uniq_nergalle
D:13:     layout_roguey, serial_shops, shop, dk_noncrumbling_4,
          roderic_serpentine_path
D:14:     layout_big_octagon, grunt_vaults_entry_tiered,
          chequers_serial_rivers_marsh, minmay_misc_feat_plants, uniq_jorgrun
D:15:     hangedman_depths_entry_civil_slaughter, layout_long_grid,
          grunt_decor_mini_mirrors
Lair:1:   layout_cave_pods
Lair:2:   layout_big_grid, elwin_shoals_entry_stream, grunt_megastairs_4,
          infiniplex_staircase_pool
Lair:3:   layout_gridlike, minmay_snake_entry_guardpost_small, st_stairs_12,
          chequers_serial_rivers_micro_b
Lair:4:   layout_roguey, minmay_slime_entry_oklob_enclosed,
          minmay_shattered_shrine
Lair:5:   hangedman_lair_caniforms_friends, layout_regular_city,
          chequers_serial_rivers_large_b
Shoals:1: layout_shoals, serial_shops, shop, gammafunk_ghost_grave
Shoals:2: layout_shoals, serial_shops, bzr_entry_dummy, uniq_polyphemus,
          uniq_ilsuiw
Orc:1:    layout_caves, gammafunk_ghost_arena
Orc:2:    kennysheep_orc_mage_school, layout_caves, gammafunk_ghost_necromancy

Skill      XL: |  1  2  3  4  5  6  7  8  9 10 11 12 13 14 15 16 |
---------------+-------------------------------------------------+-----
Ranged Weapons | 5 6 7 8 9 10 12 13 15 17 18 19 20 | 20.0
Fighting       | 3 4 6 7 8 9 10 11 12 13 15 | 15.9
Armour         | 1 2 3 5 6 7 9 |  9.1
Dodging        | 2 3 4 5 6 7 8 10 12 | 12.0
Invocations    | 2 4 8 10 | 10.0
Stealth        | |  1.1

Action                     |  1- 3 |  4- 6 |  7- 9 | 10-12 | 13-15 | 16-18 || total
---------------------------+-------+-------+-------+-------+-------+-------++-------
   Fire: Shortbow          |   134 |   235 |   179 |       |       |       ||   548
         Orcbow            |       |       |   123 |       |       |       ||   123
         Longbow           |       |       |    41 |   354 |   955 |   575 ||  1925
 Invoke: Heroism           |       |       |     8 |    19 |    25 |    14 ||    66
         Finesse           |       |       |       |     1 |     8 |     3 ||    12
    Use: Scroll            |     3 |     4 |     7 |    12 |    13 |     2 ||    41
         Potion            |       |       |     1 |     2 |     1 |     2 ||     6
 Armour: Leather armour    |    35 |    13 |       |       |       |       ||    48
         Ring mail         |       |    67 |   111 |     4 |       |       ||   182
         Swamp dragon scal |       |       |       |   181 |   167 |       ||   348
         Troll leather arm |       |       |       |       |    91 |   108 ||   199
  Dodge: Dodged            |    37 |    75 |   108 |   271 |   369 |   375 ||  1235
         Repelled          |       |       |       |       |       |     5 ||     5

Table legend:
 A = Non-vault XP
 B = Vault XP
 C = Vault XP percentage of total XP
 D = Non-vault monster count
 E = Vault monster count
 F = Vault count percentage of total count
                 A         B        C        D         E       F
            +---------+---------+-------+---------+---------+-------
      Total |  123250 |   68467 |  35.7 |     614 |     230 |  27.3
            +---------+---------+-------+---------+---------+-------
        D:1 |      72 |       8 |  10.0 |      33 |       5 |  13.2
        D:2 |      80 |       0 |   0.0 |      19 |       0 |   0.0
        D:3 |     149 |      31 |  17.2 |      22 |       9 |  29.0
        D:4 |     455 |       0 |   0.0 |      19 |       0 |   0.0
        D:5 |     445 |       0 |   0.0 |      13 |       0 |   0.0
        D:6 |     921 |       0 |   0.0 |      27 |       0 |   0.0
        D:7 |    1765 |     204 |  10.4 |      22 |       7 |  24.1
        D:8 |    2227 |     389 |  14.9 |      27 |       1 |   3.6
        D:9 |    1484 |    1154 |  43.7 |      20 |      12 |  37.5
       D:10 |    2511 |     836 |  25.0 |      31 |       3 |   8.8
       D:11 |    5425 |     973 |  15.2 |      26 |       1 |   3.7
       D:12 |    6016 |   13201 |  68.7 |      22 |      24 |  52.2
       D:13 |   12706 |       0 |   0.0 |      33 |       0 |   0.0
       D:14 |    4748 |    9460 |  66.6 |       9 |      26 |  74.3
       D:15 |   18601 |    4503 |  19.5 |      37 |       6 |  14.0
     Lair:1 |    7990 |    1121 |  12.3 |      34 |       7 |  17.1
     Lair:2 |    5214 |    1759 |  25.2 |      20 |       5 |  20.0
     Lair:3 |    8791 |     751 |   7.9 |      35 |       5 |  12.5
     Lair:4 |    8143 |    8665 |  51.6 |      38 |      19 |  33.3
     Lair:5 |    5498 |   10611 |  65.9 |      15 |      56 |  78.9
   Shoals:1 |   18049 |       0 |   0.0 |      36 |       0 |   0.0
   Shoals:2 |    3683 |    6729 |  64.6 |       8 |       9 |  52.9
      Orc:1 |    4781 |       0 |   0.0 |      45 |       0 |   0.0
      Orc:2 |    1233 |    7221 |  85.4 |      16 |      34 |  68.0
    Abyss:2 |    2263 |     851 |  27.3 |       7 |       1 |  12.5
            +---------+---------+-------+---------+---------+-------
